 Dungeon Crawl Stone Soup version 0.28.0-53-g5a82cb258f (webtiles) character file.

Game seed: 5583609754219730242

69 Tirrikindir the Skirmisher (level 4, -4/27 HPs)
             Began as an Octopode Fighter on Aug 15, 2022.
             Was a Follower of Hepliaklqana.
             Slain by Grinder (5 damage)
             ... on level 3 of the Dungeon.
             The game lasted 00:03:23 (1284 turns).

Tirrikindir the Skirmisher (Octopode Fighter)       Turns: 1284, Time: 00:03:24

Health: -4/27      AC:  1    Str: 15    XL:     4   Next: 20%
Magic:  4/4        EV: 12    Int: 10    God:    Hepliaklqana [*.....]
Gold:   90         SH:  9    Dex: 13    Spells: 3/3 levels left

rFire   . . .      SeeInvis .   a - +0 long sword
rCold   . . .      Faith    .   f - +1 kite shield
rNeg    . . .      Spirit   .   (helmet restricted)
rPois   .          Reflect  .   e - amulet of regeneration
rElec   .          Harm     .   h - ring of wizardry
rCorr   .          Rampage  .   (no ring)
Will    .....                   (no ring)
Stlth   +++.......              (no ring)
HPRegen 0.89/turn               (no ring)
MPRegen 0.09/turn               (no ring)
                                (no ring)
                                (no ring)

@: mighty
A: reduced essence, almost no armour, amphibious, 8 rings, camouflage 1,
gelatinous body 1, (nimble swimmer 1), tentacles
a: Renounce Religion, Recall Ancestor, Ancestor Identity


You were on level 3 of the Dungeon.
You worshipped Hepliaklqana.
Hepliaklqana was aware of your devotion.
You visited 1 branch of the dungeon, and saw 3 of its levels.

You collected 90 gold pieces.

Inventory:

Hand Weapons
 a - a +0 long sword (weapon)
Missiles
 g - 5 poisoned darts (quivered)
Armour
 f - a +1 kite shield (worn)
Jewellery
 e - an amulet of regeneration (around mantle)
 h - a ring of wizardry (left tentacle)
Potions
 b - a potion of mutation {unknown}


   Skills:
 + Level 3.3 Fighting
 * Level 2.8 Long Blades
 + Level 0.7 Throwing
 + Level 3.3 Dodging
 + Level 1.9 Stealth
 + Level 3.3 Shields
 + Level 0.3 Invocations


You had 3 spell levels left.
You didn't know any spells.
Your spell library was empty.

Dungeon Overview and Level Annotations

Branches:
Dungeon (3/15)

Altars:
Hepliaklqana
Ru

Annotations:
D:3 Grinder


Innate Abilities, Weirdness & Mutations

Your life essence is reduced to manifest your ancestor. (-10% HP)
You cannot wear most types of armour.
You are amphibious.
You can wear up to eight rings at the same time.
Your skin changes colour to match your surroundings (Stealth+).
Your rubbery body absorbs attacks. (AC +1, EV +1)
((You are camouflaged when in or above water. (Stealth+)))
You have tentacles for arms and can constrict up to eight enemies at once.


Message History

Publius closely misses the goblin.
The goblin hits you with a +0 dagger.
The frilled lizard closely misses Publius.
Grinder blinks!
The quokka misses Publius.
Publius closely misses Grinder.
You closely miss the goblin. You grab the goblin. You squeeze the goblin.
You kill the goblin!
The quokka barely misses Publius.
The frilled lizard bites Publius.
Grinder hits you!
You writhe in agony.
* * * LOW HITPOINT WARNING * * *
The quokka completely misses Publius.
Publius misses the frilled lizard.
The frilled lizard bites Publius.
You block Grinder's attack.
A kobold comes into view. It is wielding a +0 short sword.
You aren't carrying any scrolls.
You feel better.
The quokka barely misses Publius.
Publius barely misses the frilled lizard.
The frilled lizard bites Publius.
You block Grinder's attack. The goblin hits you with a +0 club.
You feel very mighty all of a sudden.
The quokka misses Publius.
Publius hits the frilled lizard.
The frilled lizard dies!
Grinder zaps a wand.
The puff of flame hits you!
* * * LOW HITPOINT WARNING * * *
You block the goblin's attack.
You feel better.
The quokka bites Publius.
Publius barely misses Grinder.
You block the goblin's attack.
Grinder zaps a wand.
You block the puff of flame.
The quokka barely misses Publius.
You closely miss Grinder. You grab Grinder. You squeeze Grinder!
Grinder is heavily wounded.
You constrict Grinder.
Publius hits Grinder but does no damage.
The quokka barely misses Publius.
Grinder gestures at you. Pain shoots through your body!
You block the goblin's attack.
You slash the goblin!
You kill the goblin!
You constrict Grinder, but do no damage.
The quokka bites Publius.
The adder bites you.
Publius hits Grinder.
Grinder hits you!
* * * LOW HITPOINT WARNING * * *
You writhe in agony.
You die...

... .... ......
......
.....#####+++###
#..[....S......
#......@).K....
#......R5......
#.......r......
#.....†........
#..............
#..............
#..............
#.<............
#.............


You could see the friendly Publius the ancestor, Grinder (ally target), an
adder, a quokka and a kobold.

Vanquished Creatures
  3 adders (D:2)
  2 worms (D:2)
  3 ball pythons
  2 endoplasms (D:2)
  A giant cockroach (D:2)
  6 goblins
  4 hobgoblins
  A quokka (D:1)
  3 bats
  2 frilled lizards (D:1)
  4 kobolds
  2 rats
  4 toadstools (D:1)
37 creatures vanquished.

Vanquished Creatures (collateral kills)
  An endoplasm (D:2)
  A frilled lizard (D:3)
2 creatures vanquished.

Grand Total: 39 creatures vanquished

Notes
Turn   | Place    | Note
-------+----------+-------------------------------------------
     0 | D:1      | Tirrikindir the Octopode Fighter began the quest for the
                  | Orb.
     0 | D:1      | Reached XP level 1. HP: 16/16 MP: 1/1
   107 | D:1      | Reached XP level 2. HP: 17/21 MP: 2/2
   213 | D:1      | Reached skill level 1 in Stealth
   719 | D:2      | Found a sacrificial altar of Ru.
   750 | D:2      | Found a faded altar of an unknown god.
   755 | D:2      | Prayed at the altar of an unknown god.
   755 | D:2      | Became a worshipper of Hepliaklqana the Forgotten
   755 | D:2      | Reached * piety under Hepliaklqana
   827 | D:2      | Reached XP level 3. HP: 19/23 MP: 3/3
  1113 | D:2      | Reached XP level 4. HP: 26/27 MP: 4/4
  1269 | D:3      | Noticed Grinder
  1284 | D:3      | HP: 1/27 [Grinder (10)]
  1284 | D:3      | Slain by Grinder

Illustrated notes

Levels and vault maps discovered:
D:1:      ldierk_water_garden, layout_loops_cross
D:2:      layout_loops_cross, ebering_ecumenical_altar_sacrificial, basic_altar
D:3:      layout_basic, nicolae_elyvilon_temple_path, kennysheep_vampire_church,
          uniq_crazy_yiuf_cottage, uniq_grinder

Skill      XL: |  1  2 |
---------------+-------+-----
Stealth        | 1 |  1.9
Fighting       | |  3.3
Long Blades    | |  2.8
Throwing       | |  0.7
Dodging        | |  3.3
Shields        | |  3.3
Invocations    | |  0.3

Action                   |  1- 3 |  4- 6 || total
-------------------------+-------+-------++-------
Melee: Long sword        |    53 |     7 ||    60
       Constrict         |    11 |     3 ||    14
       Tentacles         |     5 |     2 ||     7
       Punch             |     2 |       ||     2
  Use: Scroll            |     2 |     1 ||     3
       Potion            |     1 |     3 ||     4
 Stab: Sleeping          |    10 |       ||    10
Armor: Skin              |     4 |       ||     4
Dodge: Dodged            |     8 |       ||     8
Block: Buckler           |     3 |       ||     3
       Kite shield       |    14 |     9 ||    23
